Map: Sunset Valley LE

Players

A.I. 3 (Hard)

  • Race: Zerg Zerg
  • Spawn Location: 12:00

A.I. 2 (Hard)

  • Race: Zerg Zerg
  • Spawn Location: 12:00

wasp - Winner!

  • Race: Protoss Protoss
  • Spawn Location: 5:00

NamroodTuo - Winner!

  • Race: Terran Terran
  • Spawn Location: 6:00

VOD

Have the link to the VOD?

Description

Time

  • Played on: June 14, 2023, 7:30 a.m.
  • Length: 23:34
Show
View Real Time Build Order
Export as new Build Order

A.I. 3 (Hard) Zerg 

Build Orders: 1 Base Baneling Bust, Pool First 

Get SALT Encoding   

  12  0:01  Drone  
  13  0:12  Overlord  
  13  0:16  Drone  
  14  0:31  Drone  
  14  0:32  Drone  
  16  0:43  Spawning Pool  
  16  0:45  Drone  
  16  0:49  Drone  
  17  0:52  Extractor  
  17  0:56  Drone  
  17  1:06  Overlord  
  17  1:31  Queen, Zergling x2  
  20  1:33  Zergling x2  
  20  1:37  Roach Warren  
  20  1:38  Drone  
  21  1:43  Extractor  
  20  1:47  Baneling Nest  
  20  1:53  Drone  
  20  2:00  Drone  
  21  2:11  Drone  
  22  2:21  Zergling x2  
  23  2:31  Baneling x2  
  23  2:32  Drone  
  23  2:33  Baneling  
  24  2:38  Overlord, Zergling x2  
  24  2:40  Zergling x2  
  27  2:44  Zergling x2  
  27  2:54  Drone  
  28  3:05  Zergling x2  
  29  3:09  Overlord, Zergling x2  
  29  3:11  Zergling x2  
  31  3:17  Baneling, Zergling x2  
  31  3:19  Baneling  
  32  3:24  Baneling  
  32  3:28  Zergling x2  
  33  3:36  Evolution Chamber  
  33  3:38  Drone  
  33  3:41  Zergling x2  
  33  3:42  Drone  
  33  3:43  Drone  
  36  3:50  Drone  
  37  4:01  Drone  
  38  4:12  Drone  
  38  4:14  Overlord, Drone  
  40  4:36  Roach  
  40  4:37  Overlord  
  42  4:38  Evolution Chamber  
  42  4:40  Drone  
  42  4:44  Lair  
  42  4:45  Roach  
  44  4:54  Roach  
  46  5:01  Metabolic Boost  
  46  5:02  Roach  
  48  5:14  Zerg Melee Weapons Level 1  
  48  5:22  Zerg Ground Armor Level 1  
  42  5:38  Roach  
  42  5:42  Burrow  
  44  5:44  Hydralisk Den  
  44  5:47  Roach  
  45  5:55  Roach  
  49  6:04  Roach  
  49  6:09  Overlord  
  49  6:11  Overseer  
  49  6:12  Hydralisk  
  49  6:14  Overseer  
  51  6:20  Spore Crawler  
  51  6:21  Hydralisk  
  51  6:22  Drone  
  53  6:28  Spore Crawler  
  53  6:29  Hydralisk, Drone  
  55  6:36  Hatchery  
  54  6:42  Hydralisk  
  56  6:51  Drone  
  57  7:01  Spine Crawler  
  56  7:02  Drone  
  56  7:08  Zerg Missile Weapons Level 1  
  57  7:09  Spine Crawler  
  57  7:10  Drone  
  57  7:19  Queen  
  59  7:29  Infestation Pit  
  58  7:42  Spire  
  57  7:48  Drone  
  57  7:50  Drone  
  59  7:52  Drone  
  59  7:58  Drone  
  61  8:04  Drone  
  62  8:06  Drone  
  62  8:10  Drone  
  62  8:12  Drone  
  65  8:14  Drone  
  65  8:17  Drone  
  65  8:19  Drone  
  68  8:24  Overlord  
  68  8:27  Drone  
  68  8:29  Drone  
  68  8:32  Drone  
  71  8:34  Drone  
  71  8:37  Drone  
  71  8:39  Drone  
  74  8:47  Overlord  
  74  8:54  Mutalisk  
  76  8:57  Mutalisk  
  76  9:00  Mutalisk  
  80  9:03  Pneumatized Carapace, Mutalisk  
  80  9:09  Overlord  
  82  9:13  Zergling x2  
  82  9:15  Zergling x2, Overseer  
  79  9:18  Zergling x2  
  79  9:21  Zergling x2  
  72  9:24  Zergling x2  
  72  9:27  Zergling x2  
  72  9:30  Zergling x2  
  75  9:33  Zergling x2  
  75  9:36  Baneling x2, Zergling x2  
  75  9:37  Extractor  
  76  9:39  Baneling, Zergling x2  
  76  9:42  Mutalisk  
  76  9:44  Extractor  
  78  9:45  Baneling  
  78  9:52  Drone  
  79  9:59  Drone  
  80  10:01  Drone, Mutalisk  
  80  10:05  Hatchery  
  82  10:10  Drone  
  82  10:12  Drone  
  82  10:13  Mutalisk  
  82  10:14  Drone  
  87  10:16  Drone  
  88  10:23  Overlord, Mutalisk  
  90  10:42  Hive  
  90  11:09  Centrifugal Hooks  
  90  11:13  Spore Crawler  
  90  11:16  Spore Crawler  
  90  11:17  Drone  
  89  11:19  Drone  
  89  11:20  Drone  
  89  11:22  Drone  
  89  11:23  Drone  
  89  11:24  Drone  
  89  11:25  Zerg Melee Weapons Level 2  
  94  11:26  Drone  
  94  11:28  Drone  
  94  11:29  Drone  
  94  11:30  Extractor, Drone  
  94  11:31  Overlord  
  94  11:32  Extractor, Drone  
  98  11:33  Drone  
  98  11:35  Drone  
  98  11:36  Drone  
  98  11:38  Drone  
  98  11:39  Drone  
  102  11:41  Drone  
  102  11:42  Drone  
  102  11:44  Drone  
  102  11:45  Drone  
  102  11:47  Zerg Ground Armor Level 2  
  106  11:49  Overlord  
  106  11:54  Viper  
  109  12:06  Spine Crawler  
  109  12:07  Drone, Glial Reconstitution  
  109  12:09  Spine Crawler  
  109  12:10  Drone  
  109  12:11  Roach  
  109  12:12  Spore Crawler  
  109  12:14  Roach  
  112  12:16  Overlord  
  112  12:17  Roach  
  112  12:19  Hydralisk  
  116  12:24  Infestor  
  116  12:28  Roach  
  120  12:31  Roach  
  120  12:34  Roach  
  120  12:37  Roach, Overlord  
  119  12:39  Roach  
  119  12:42  Roach  
  118  12:45  Roach  
  118  12:48  Roach  
  118  12:50  Hydralisk  
  122  12:54  Drone, Zergling x2  
  122  12:56  Hydralisk  
  118  12:59  Hydralisk  
  118  13:02  Hydralisk  
  112  13:06  Roach  
  112  13:08  Hydralisk  
  112  13:11  Hydralisk  
  114  13:14  Hydralisk  
  114  13:18  Roach  
  118  13:21  Roach  
  118  13:24  Roach  
  118  13:25  Pathogen Glands  
  124  13:27  Roach  
  124  13:29  Infestor  
  124  13:31  Zerg Flyer Weapons Level 1  
  126  13:40  Zerg Missile Weapons Level 2  
  124  14:02  Spore Crawler  
  124  14:03  Queen, Zerg Melee Weapons Level 3, Drone  
  124  14:08  Queen  
  128  14:28  Spine Crawler  
  128  14:29  Drone, Tunneling Claws  
  128  14:30  Spine Crawler  
  127  14:32  Drone  
  128  15:25  Zerg Flyer Armor Level 1  
  128  15:38  Hatchery, Overlord  
  128  15:39  Ultralisk Cavern  
  126  15:58  Overlord  
  126  16:09  Zergling x2  
  124  16:18  Overlord  
  114  16:20  Hydralisk  
  106  16:27  Hydralisk  
  87  16:34  Ultralisk  
  87  16:35  Overseer  
  83  16:40  Hydralisk  
  83  16:41  Zerg Ground Armor Level 3, Zerg Missile Weapons Level 3  
  83  16:42  Chitinous Plating  
  83  16:46  Hydralisk  
  87  16:52  Drone, Queen  
  87  16:53  Hydralisk, Drone  
  93  17:00  Ultralisk  
  99  17:06  Ultralisk  
  105  17:08  Extractor  
  105  17:09  Drone  
  105  17:12  Spore Crawler  
  105  17:13  Drone, Spore Crawler, Ultralisk  
  105  17:14  Extractor, Drone  
  110  17:16  Drone  
  110  17:19  Zerg Flyer Weapons Level 2  
  110  17:20  Ultralisk  
  117  17:26  Ultralisk  
  123  17:37  Spine Crawler  
  123  17:38  Drone  
  123  17:39  Spine Crawler  
  123  17:41  Drone  
  123  18:06  Zergling x2  
  123  18:12  Hydralisk  
  109  18:18  Hydralisk  
  111  18:24  Hydralisk  
  113  18:31  Hydralisk  
  115  18:38  Hydralisk  
  117  18:44  Hydralisk  
  117  18:51  Infestor  
  117  18:57  Hydralisk  
  117  19:03  Hydralisk  
  116  19:10  Hydralisk  
  116  19:17  Hydralisk, Overseer  
  110  19:19  Overseer  
  110  19:24  Zergling x2  
  101  19:30  Hydralisk  
  103  19:31  Spore Crawler  
  103  19:34  Drone, Zergling x2  
  103  19:38  Roach  
  84  19:41  Queen  
  84  19:42  Zergling x2  
  84  19:45  Hydralisk  
  78  19:47  Spore Crawler  
  78  19:49  Roach, Overlord  
  68  19:53  Mutalisk  
  68  19:57  Roach  
  68  19:58  Overseer  
  63  20:01  Roach  
  63  20:03  Mutalisk  
  64  20:10  Overlord  
  64  20:19  Roach  
  64  20:21  Evolution Chamber  
  65  20:23  Roach  
  63  20:29  Roach  
  63  20:31  Overlord  
  63  20:37  Evolution Chamber  
  56  20:53  Hatchery  
  55  21:10  Extractor  
  54  21:14  Hatchery, Evolution Chamber  
  54  21:18  Evolution Chamber  
  51  21:30  Spawning Pool  
  50  21:43  Extractor  
  49  21:48  Spawning Pool  
  48  21:55  Drone  
  48  22:00  Overlord  
  49  22:02  Drone  
  49  22:04  Drone  
  49  22:05  Drone  
  49  22:07  Drone  
  46  22:15  Drone  
  46  22:17  Drone  
  46  22:18  Drone, Overlord  
  46  22:20  Drone  
  46  22:21  Drone  
  45  22:23  Drone  
  45  22:24  Drone  
  45  22:26  Drone  
  45  22:27  Drone  
  45  22:29  Drone  
  41  22:30  Drone  
  41  22:32  Drone  
  41  22:33  Drone  
  41  22:35  Drone  
  41  22:36  Drone  
  35  22:37  Extractor  
  35  22:38  Drone  
  35  22:39  Drone  
  35  22:40  Overlord  
  35  22:44  Drone  
  28  22:54  Spawning Pool  
  27  22:59  Overlord  
  27  23:04  Extractor  
  18  23:17  Hatchery  
  18  23:19  Drone  
  4  23:20  Drone  
Show
View Real Time Build Order
Export as new Build Order

A.I. 2 (Hard) Zerg 

Build Orders: 1 Base Baneling Bust, Pool First 

Get SALT Encoding   

  12  0:01  Drone  
  13  0:12  Overlord  
  13  0:16  Drone  
  14  0:31  Drone  
  14  0:32  Drone  
  16  0:42  Spawning Pool  
  15  0:45  Drone  
  15  0:49  Drone  
  17  0:53  Extractor  
  17  0:56  Drone  
  17  1:06  Overlord  
  17  1:31  Queen, Zergling x2  
  20  1:33  Zergling x2  
  20  1:38  Drone, Roach Warren  
  21  1:43  Extractor  
  20  1:49  Drone  
  20  1:53  Baneling Nest  
  20  2:00  Drone  
  21  2:11  Drone  
  22  2:21  Zergling x2  
  23  2:32  Drone  
  23  2:36  Baneling  
  24  2:37  Overlord  
  24  2:38  Baneling, Zergling x2  
  24  2:40  Zergling x2  
  24  2:42  Baneling  
  27  2:44  Zergling x2  
  27  2:55  Drone  
  28  3:05  Zergling x2  
  28  3:09  Zergling x2  
  28  3:10  Overlord  
  28  3:12  Zergling x2  
  31  3:17  Zergling x2  
  31  3:19  Baneling x3  
  32  3:27  Zergling x2  
  33  3:37  Evolution Chamber  
  33  3:38  Drone  
  33  3:41  Drone, Zergling x2  
  33  3:43  Drone  
  36  3:50  Drone  
  37  4:01  Drone  
  38  4:11  Drone  
  38  4:13  Overlord  
  38  4:14  Drone  
  40  4:35  Lair  
  40  4:38  Evolution Chamber  
  39  4:45  Drone  
  40  4:56  Metabolic Boost  
  40  5:03  Zerg Melee Weapons Level 1  
  40  5:17  Zerg Ground Armor Level 1  
  34  5:31  Zergling x2  
  34  5:34  Spire, Drone  
  32  5:37  Zergling x2  
  32  5:43  Zergling x2  
  33  5:50  Baneling  
  33  5:59  Burrow  
  33  6:03  Zergling x2, Baneling  
  34  6:11  Spore Crawler  
  33  6:16  Spore Crawler  
  33  6:17  Drone  
  33  6:36  Hatchery, Drone  
  33  6:47  Mutalisk  
  33  6:52  Mutalisk  
  37  6:57  Zerg Missile Weapons Level 1, Drone, Spine Crawler  
  37  6:58  Mutalisk  
  39  7:04  Spine Crawler, Mutalisk  
  40  7:09  Queen, Overseer, Mutalisk  
  40  7:15  Mutalisk  
  44  7:18  Overseer  
  46  7:40  Hydralisk Den  
  45  7:48  Queen, Drone  
  45  7:49  Drone  
  45  7:51  Drone  
  50  7:52  Drone  
  50  7:54  Drone  
  50  7:56  Drone  
  53  8:00  Extractor  
  53  8:01  Drone  
  53  8:05  Drone  
  54  8:10  Overlord  
  54  8:12  Spore Crawler  
  53  8:14  Drone, Spore Crawler  
  53  8:16  Drone  
  53  8:19  Drone  
  55  8:21  Drone  
  55  8:26  Roach  
  58  8:30  Hydralisk  
  60  8:36  Roach  
  60  8:40  Overlord  
  62  8:43  Roach  
  64  8:48  Hydralisk  
  66  8:56  Hydralisk  
  66  8:58  Pneumatized Carapace  
  66  9:01  Ravager  
  63  9:04  Roach  
  63  9:08  Overseer  
  65  9:11  Roach  
  65  9:16  Roach  
  69  9:19  Overlord  
  69  9:23  Roach  
  71  9:28  Ravager  
  71  9:29  Roach  
  74  9:37  Overlord  
  74  9:38  Ravager  
  75  9:40  Roach  
  77  9:46  Hydralisk  
  79  9:53  Hydralisk, Drone  
  79  9:56  Overlord, Drone  
  83  10:00  Hydralisk  
  83  10:03  Drone  
  83  10:06  Drone  
  87  10:08  Drone  
  87  10:10  Drone  
  87  10:12  Drone  
  90  10:17  Overlord  
  90  10:19  Drone  
  91  10:22  Drone  
  91  10:27  Zerg Melee Weapons Level 2  
  92  10:40  Hatchery  
  92  10:42  Drone  
  92  10:50  Zerg Ground Armor Level 2  
  92  11:08  Extractor  
  91  11:15  Glial Reconstitution  
  91  11:16  Spine Crawler  
  90  11:18  Drone  
  90  11:21  Drone, Spine Crawler  
  91  11:29  Drone, Zerg Flyer Weapons Level 1  
  91  11:31  Drone  
  93  12:01  Extractor  
  92  12:03  Extractor  
  92  12:06  Infestation Pit  
  73  12:35  Hydralisk  
  75  12:43  Hive  
  75  13:05  Overlord, Overseer  
  75  13:08  Hydralisk  
  75  13:10  Overseer  
  77  13:14  Hydralisk  
  79  13:23  Overlord  
  79  13:43  Overlord  
  79  13:58  Ultralisk Cavern  
  79  14:00  Hydralisk  
  79  14:01  Overlord  
  80  14:07  Hydralisk  
  81  14:11  Zerg Missile Weapons Level 2  
  81  14:13  Hydralisk  
  83  14:19  Overlord, Drone  
  83  14:20  Infestor  
  83  14:21  Drone  
  83  14:22  Drone  
  83  14:24  Drone  
  89  14:25  Drone  
  89  14:27  Drone  
  89  14:28  Drone  
  89  14:30  Drone  
  93  14:37  Drone  
  93  14:38  Overlord  
  94  14:39  Drone  
  94  14:40  Drone  
  94  14:43  Drone  
  94  14:44  Drone  
  94  14:45  Drone, Ultralisk  
  104  14:48  Drone  
  104  14:50  Drone  
  104  14:52  Drone, Ultralisk  
  108  14:54  Drone  
  108  14:59  Ultralisk  
  106  15:05  Hydralisk  
  106  15:06  Drone  
  103  15:10  Drone  
  103  15:11  Hydralisk  
  103  15:12  Drone  
  103  15:13  Drone  
  102  15:15  Drone  
  102  15:18  Zergling x2  
  94  15:25  Ultralisk  
  94  15:27  Hydralisk  
  102  15:30  Hydralisk  
  102  15:34  Ultralisk  
  110  15:36  Infestor  
  110  15:40  Roach  
  114  15:43  Roach, Overlord  
  114  15:46  Roach  
  114  15:48  Infestor  
  120  15:51  Roach  
  120  15:54  Roach  
  124  15:57  Roach  
  124  15:59  Drone  
  124  16:00  Roach  
  124  16:01  Drone  
  124  16:02  Drone  
  124  16:03  Roach  
  124  16:04  Overlord  
  133  16:06  Roach, Drone  
  133  16:08  Hydralisk, Drone  
  133  16:09  Pathogen Glands  
  135  16:11  Hydralisk  
  135  16:13  Queen  
  135  16:14  Infestor  
  135  16:17  Infestor  
  130  16:20  Infestor  
  130  16:23  Hydralisk  
  130  16:25  Drone  
  120  16:27  Zergling x2  
  120  16:29  Hydralisk  
  120  16:30  Drone  
  109  16:33  Roach  
  109  16:35  Hydralisk  
  109  16:39  Roach  
  101  16:42  Roach, Evolution Chamber  
  101  16:45  Roach  
  100  16:48  Hydralisk  
  100  16:49  Drone  
  100  16:51  Spawning Pool  
  91  16:58  Drone x2  
  91  17:03  Drone x2  
  77  17:09  Overseer  
  77  17:11  Drone x16  
  65  17:16  Drone x7  
  65  17:18  Overseer  
  65  17:19  Drone  
  45  17:37  Drone  
  45  17:39  Drone, Zergling x2  
  45  17:40  Queen  
  45  17:41  Drone  
  45  17:44  Drone  
  47  17:45  Zergling x2, Roach Warren  
  47  17:47  Hatchery  
  42  18:10  Drone, Zergling x2  
  43  18:15  Drone, Zergling x2  
  35  18:25  Roach  
  37  18:28  Roach  
  37  18:31  Roach  
  40  18:38  Hatchery  
  40  18:40  Roach  
  18  19:02  Drone  
  16  19:51  Hatchery  
  15  19:59  Drone, Hatchery  
  15  20:05  Drone  
  16  20:12  Drone  
  10  20:51  Drone  
  10  20:52  Drone  
  10  20:54  Drone  
  11  21:02  Drone x2  
  12  21:04  Drone  
  2  21:23  Hatchery  
Show
View Real Time Build Order
Export as new Build Order

wasp Protoss - Winner!

Build Orders:  

Get SALT Encoding   

  12  0:13  Probe  
  13  0:25  Probe  
  14  0:34  Pylon  
  14  0:37  Probe, Pylon  
  15  0:49  Assimilator  
  15  0:55  Assimilator  
  15  1:02  Gateway  
  15  1:11  Gateway  
  15  1:17  Probe  
  16  1:29  Probe  
  17  1:44  Probe  
  18  1:56  Probe  
  19  2:02  Zealot x2  
  23  2:08  Probe  
  24  2:20  Probe  
  24  2:21  Pylon  
  25  2:29  Zealot  
  27  2:30  Pylon, Zealot  
  27  2:32  Probe  
  30  2:57  Zealot x2, Forge  
  34  3:24  Zealot x2  
  38  4:03  Assimilator  
  38  4:07  Assimilator  
  38  4:28  Pylon  
  38  4:32  Pylon  
  38  4:35  Pylon  
  38  4:41  Pylon  
  38  4:49  Pylon  
  38  4:55  Nexus  
  38  5:03  Cybernetics Core  
  38  5:17  Photon Cannon  
  38  5:19  Photon Cannon  
  38  5:22  Photon Cannon  
  38  5:23  Photon Cannon x2  
  29  5:32  Zealot (Chrono Boost)  
  25  5:35  Zealot (Chrono Boost)  
  24  5:57  Zealot (Chrono Boost)  
  24  6:31  Photon Cannon  
  24  6:32  Photon Cannon  
  24  6:33  Photon Cannon  
  24  6:35  Photon Cannon  
  24  6:37  Photon Cannon  
  24  6:41  Photon Cannon  
  24  6:48  Shield Battery  
  24  6:57  Pylon  
  24  7:05  Probe (Chrono Boost)  
  25  7:15  Probe (Chrono Boost)  
  27  7:16  Probe (Chrono Boost)  
  29  7:23  Probe (Chrono Boost)  
  29  7:25  Probe (Chrono Boost)  
  29  7:28  Probe (Chrono Boost)  
  30  7:34  Photon Cannon  
  30  7:49  Protoss Ground Weapons Level 1  
  30  7:58  Stalker  
  32  8:52  Zealot x2  
  36  9:17  Pylon  
  36  9:19  Zealot x2  
  40  9:38  Photon Cannon x2  
  40  9:41  Photon Cannon  
  40  9:42  Photon Cannon  
  40  9:44  Photon Cannon  
  40  9:46  Zealot x2, Photon Cannon  
  40  9:47  Photon Cannon  
  40  9:50  Protoss Ground Armor Level 1  
  44  9:53  Photon Cannon  
  44  9:55  Shield Battery  
  44  10:07  Pylon  
  44  10:13  Zealot, Photon Cannon  
  46  10:17  Photon Cannon  
  46  10:18  Photon Cannon  
  46  10:29  Robotics Facility  
  46  10:36  Robotics Facility  
  46  11:17  Nexus  
  46  11:34  Gateway  
  46  11:36  Probe (Chrono Boost)  
  48  11:48  Probe (Chrono Boost)  
  48  11:51  Protoss Shields Level 1  
  48  11:53  Probe (Chrono Boost)  
  49  12:02  Probe  
  58  12:14  Probe  
  59  12:23  Immortal  
  59  12:24  Immortal  
  59  12:27  Zealot  
  59  13:02  Immortal  
  59  13:03  Immortal  
  59  13:10  Stalker  
  55  13:13  Stalker  
  55  13:15  Stalker  
  53  13:40  Stalker  
  53  13:43  Stalker  
  53  13:45  Stalker  
  57  14:13  Stalker, Photon Cannon  
  57  14:14  Photon Cannon  
  57  14:17  Photon Cannon  
  59  14:20  Photon Cannon  
  59  14:22  Photon Cannon  
  59  14:23  Photon Cannon  
  59  14:25  Photon Cannon x2  
  59  14:27  Photon Cannon  
  59  14:28  Photon Cannon  
  59  14:31  Photon Cannon x2  
  59  14:33  Photon Cannon  
  59  14:36  Photon Cannon, Stalker x2  
  63  14:43  Stalker  
  65  15:06  Stalker  
  67  15:07  Stargate  
  67  15:08  Stargate  
  67  15:36  Pylon  
  67  15:41  Pylon  
  67  15:45  Pylon  
  67  15:49  Pylon  
  67  15:52  Pylon  
  67  16:03  Immortal x2  
  75  16:16  Phoenix  
  75  16:17  Phoenix  
  65  16:41  Phoenix x2  
  65  16:42  Immortal  
  65  16:43  Immortal  
  77  16:54  Stalker x3  
  83  17:06  Phoenix  
  83  17:07  Phoenix  
  87  17:22  Immortal x2  
  95  17:24  Stalker  
  97  18:01  Immortal  
Show
View Real Time Build Order
Export as new Build Order

NamroodTuo Terran - Winner!

Build Orders:  

Get SALT Encoding   

  12  0:01  SCV  
  13  0:13  SCV  
  14  0:20  Supply Depot  
  14  0:26  SCV  
  15  0:50  SCV  
  16  0:57  Barracks  
  16  1:02  SCV  
  17  1:05  Engineering Bay  
  17  1:09  Refinery  
  17  1:14  SCV  
  17  1:17  Refinery  
  18  1:26  SCV  
  19  1:38  SCV  
  20  1:42  Supply Depot  
  20  1:50  SCV  
  21  2:02  SCV  
  22  2:14  Barracks Tech Lab  
  22  2:15  SCV  
  23  2:16  Command Center  
  23  2:27  SCV  
  24  2:32  Marine  
  24  2:36  Combat Shield  
  25  2:39  SCV  
  26  2:50  Marine  
  27  2:52  Bunker  
  27  3:06  SCV  
  27  3:07  Missile Turret  
  27  3:08  Marine  
  29  3:15  Terran Infantry Weapons Level 1  
  29  3:19  SCV  
  30  3:31  SCV  
  31  3:35  Supply Depot  
  31  3:42  SCV  
  31  3:43  SCV  
  33  3:54  SCV  
  33  3:55  SCV  
  35  3:59  Supply Depot  
  35  4:02  Factory  
  35  4:05  Marine  
  35  4:07  SCV  
  37  4:15  Bunker  
  37  4:19  SCV  
  37  4:23  Marine  
  39  4:25  SCV  
  40  4:31  SCV  
  40  4:37  SCV  
  42  4:41  Marine  
  43  4:45  Missile Turret  
  43  4:49  SCV  
  44  4:54  Missile Turret  
  44  5:01  SCV  
  44  5:04  Starport  
  45  5:09  Hi-Sec Auto Tracking  
  45  5:13  SCV  
  46  5:17  Missile Turret, Refinery  
  46  5:22  Refinery  
  46  5:25  SCV  
  44  5:30  Marine  
  45  5:38  SCV  
  45  5:40  Starport, Bunker  
  46  5:44  Starport Tech Lab  
  46  5:48  Marine  
  47  5:50  SCV  
  47  5:52  SCV  
  49  5:59  Fusion Core  
  49  6:02  SCV  
  49  6:04  SCV  
  51  6:05  Marine  
  51  6:06  Armory, Neosteel Armor  
  52  6:23  Bunker, Marine  
  53  6:32  SCV  
  54  6:33  Missile Turret  
  54  6:41  Marine  
  54  6:43  Starport Tech Lab  
  55  6:48  Battlecruiser  
  61  6:54  Missile Turret  
  61  7:06  Supply Depot  
  61  7:28  Battlecruiser, Supply Depot  
  67  7:50  Supply Depot  
  67  7:58  Command Center  
  67  8:02  Command Center  
  73  8:06  Weapon Refit  
  73  8:13  Terran Ship Weapons Level 1, Supply Depot  
  73  8:25  Battlecruiser  
  73  8:35  Supply Depot  
  73  8:37  Raven  
  75  8:58  Supply Depot  
  75  9:17  SCV  
  75  9:23  Refinery  
  76  9:29  Raven, SCV  
  79  9:32  Battlecruiser  
  85  9:41  SCV  
  85  9:44  Refinery  
  86  9:53  SCV  
  87  10:04  Battlecruiser  
  87  10:05  SCV  
  87  10:06  SCV  
  95  10:08  Terran Vehicle And Ship Armor Level 1  
  95  10:10  SCV  
  96  10:17  SCV  
  96  10:18  SCV  
  98  10:22  SCV  
  99  10:29  SCV  
  99  10:31  SCV, Terran Infantry Armor Level 1  
  99  10:34  SCV  
  102  10:37  Battlecruiser  
  102  10:41  SCV  
  109  10:43  SCV  
  109  10:46  SCV  
  111  10:54  SCV  
  111  10:55  SCV  
  113  10:58  SCV  
  114  11:08  Battlecruiser  
  120  11:41  Battlecruiser  
  126  12:01  Terran Ship Weapons Level 2  
  126  12:19  Command Center  
  126  12:25  Terran Infantry Weapons Level 2  
  126  12:29  Supply Depot  
  126  12:32  Supply Depot  
  126  12:51  Battlecruiser  
  132  12:52  Supply Depot  
  132  12:54  Battlecruiser, Supply Depot  
  138  13:20  Supply Depot  
  138  13:21  Supply Depot  
  138  13:44  Supply Depot  
  138  13:55  Battlecruiser  
  144  13:58  Viking  
  144  14:17  Terran Vehicle And Ship Armor Level 2  
  144  14:28  Viking  
  146  14:49  Marine  
  147  14:58  Battlecruiser  
  147  14:59  Battlecruiser  
  159  15:07  Marine  
  160  15:25  Marine  
  160  15:42  Marine  
  158  16:00  Marine  
  158  16:03  Battlecruiser x2  
  125  17:07  Battlecruiser  
  125  17:08  Battlecruiser  
  130  17:51  Command Center  
  129  18:11  Battlecruiser  
  129  18:12  Battlecruiser  
  141  19:07  SCV  
  142  19:11  Refinery  
  142  19:15  Marine, Battlecruiser  
  142  19:16  Battlecruiser  
  155  19:19  SCV  
  156  19:31  SCV  
  156  19:32  Marine  
  158  19:43  SCV  
  159  19:50  Marine  
  160  19:55  SCV  
  155  20:08  Marine  
  156  20:19  Battlecruiser  
  156  20:20  Battlecruiser  
  168  20:26  Marine  
  169  20:36  Refinery  
  169  21:24  Battlecruiser  
  169  21:25  Raven  
  172  21:59  Raven  
  174  22:28  Raven  
Tags
 
Add a new tag
Caveats
  • Supply blocks, unpowered buildings, or Contaminate may cause inaccurate times.
  • Supply counts are checked every 10 seconds.